TOP OF THE 1ST |
Plymouth Rocks batting - Pitching for San Francisco Bandits : RHP Fernando Llama
|
Pitching: RHP Fernando Llama
|
|
Batting: RHB Luis Sánchez
|
0-0: Called Strike 0-1: Called Strike 0-2: Ball 1-2: Fly out, F3 (Popup, 3DF)
|
Batting: SHB Greg Welch
|
0-0: Ball 1-0: Called Strike 1-1: Foul Ball, location: 2F 1-2: Ball 2-2: Foul Ball, location: 2F 2-2: Foul Ball, location: 2F 2-2: SINGLE (Flyball, 8LS)
|
Batting: LHB Roy Patrick
|
0-0: Ball 1-0: Ball 2-0: Called Strike Passed Ball! Greg Welch to second 2-1: Ball 3-1: Fly out, F9 (Line Drive, 9M)
|
Batting: LHB Roger Moore
|
0-0: Ball 1-0: Ball 2-0: Called Strike 2-1: Ground out 6-3 (Groundball, 6MS)
|
Top of the 1st over - 0 run(s), 1 hit(s), 0 error(s), 1 left on base; Plymouth 0 - San Francisco 0 |
BOTTOM OF THE 1ST |
San Francisco Bandits batting - Pitching for Plymouth Rocks : RHP José Morán
|
Pitching: RHP José Morán
|
|
Batting: RHB Pete Rideout
|
0-0: Foul Ball, location: 2F 0-1: Ball 1-1: Foul Ball, location: 2F 1-2: Fly out, F6 (Line Drive, 6M)
|
Now at SS: Javier Deleón
|
|
Batting: LHB Jerry Bryan
|
0-0: Ball 1-0: Called Strike 1-1: Ball 2-1: SINGLE (Line Drive, 34)
|
Batting: RHB Michael Elliott
|
0-0: Ball 1-0: Fly out, F7 (Flyball, 78XD)
|
Batting: LHB Francisco Calderón
|
0-0: Called Strike 0-1: Ball 1-1: Called Strike 1-2: Ball 2-2: Strikes out looking
|
Bottom of the 1st over - 0 run(s), 1 hit(s), 0 error(s), 1 left on base; Plymouth 0 - San Francisco 0 |
TOP OF THE 2ND |
Plymouth Rocks batting - Pitching for San Francisco Bandits : RHP Fernando Llama
|
Batting: RHB Andrés Lara
|
0-0: Fly out, F8 (Flyball, 8LD)
|
Batting: RHB Javier Deleón
|
0-0: Ball 1-0: Called Strike 1-1: Ball 2-1: Called Strike 2-2: Strikes out swinging
|
Batting: RHB António Zúñiga
|
0-0: Called Strike 0-1: Fly out, F3 (Popup, 3F)
|
Top of the 2nd over - 0 run(s), 0 hit(s), 0 error(s), 0 left on base; Plymouth 0 - San Francisco 0 |
BOTTOM OF THE 2ND |
San Francisco Bandits batting - Pitching for Plymouth Rocks : RHP José Morán
|
Batting: RHB Dale Taylor
|
0-0: Ball 1-0: Ball 2-0: Ball 3-0: Called Strike 3-1: Fly out, F8 (Line Drive, 8LM)
|
Batting: RHB Javier Ramírez
|
0-0: Called Strike 0-1: Foul Ball, location: 2F 0-2: Ball 1-2: Foul Ball, location: 2F 1-2: Ball 2-2: DOUBLE (Line Drive, 78D)
|
Batting: RHB Bob Orr
|
0-0: Called Strike 0-1: Foul Ball, location: 2F 0-2: Ball 1-2: Ball 2-2: Foul Ball, location: 2F 2-2: DOUBLE (Line Drive, 89XD) Javier Ramírez scores
|
Batting: RHB Emílio Bruno
|
0-0: SINGLE (Groundball, 34D) Bob Orr to third Runner from 3rd tries for Home, SAFE, no throw or cutoff
|
Batting: RHB Sadao Kato
|
0-0: Swinging Strike 0-1: Swinging Strike 0-2: Grounds into double play, 6-4-3 (Groundball, 6M)
|
Bottom of the 2nd over - 2 run(s), 3 hit(s), 0 error(s), 0 left on base; Plymouth 0 - San Francisco 2 |
TOP OF THE 3RD |
Plymouth Rocks batting - Pitching for San Francisco Bandits : RHP Fernando Llama
|
Batting: RHB Júlio Negrón
|
0-0: Ball 1-0: Foul Ball, location: 2F 1-1: Foul Ball, location: 2F 1-2: Ball 2-2: Foul Ball, location: 2F 2-2: Ball 3-2: Base on Balls
|
Batting: LHB Sean Nicks
|
0-0: Fly out, F8 (Flyball, 8LD) Runner from 1st tags up, SAFE at 2nd
|
Batting: RHB Luis Sánchez
|
0-0: Called Strike 0-1: Called Strike 0-2: Ball 1-2: Ground out 6-3 (Groundball, 6M) Júlio Negrón to third
|
Batting: SHB Greg Welch
|
0-0: Ball 1-0: Foul Ball, location: 2F 1-1: Ground out 4-3 (Groundball, 4)
|
Top of the 3rd over - 0 run(s), 0 hit(s), 0 error(s), 1 left on base; Plymouth 0 - San Francisco 2 |
BOTTOM OF THE 3RD |
San Francisco Bandits batting - Pitching for Plymouth Rocks : RHP José Morán
|
Batting: RHB Pete Rideout
|
0-0: Ball 1-0: Foul Ball, location: 2F 1-1: Called Strike 1-2: Ball 2-2: Ball 3-2: SINGLE (Groundball, 56D)
|
Batting: LHB Jerry Bryan
|
0-0: Ball 1-0: Ball 2-0: Ball 3-0: SINGLE (Groundball, 3D) Pete Rideout to second Runner from 2nd tries for 3rd, SAFE, throw made to third
|
Batting: RHB Michael Elliott
|
0-0: Ball 1-0: Ball 2-0: Ball Wild Pitch! Pete Rideout scores Jerry Bryan to second 3-0: Ground out 1-3 (Groundball, 13) Jerry Bryan to third
|
Batting: LHB Francisco Calderón
|
0-0: Ball 1-0: Ball 2-0: SINGLE (Line Drive, 78S) Jerry Bryan scores
|
Batting: RHB Dale Taylor
|
0-0: Fly out, F7 (Flyball, 78M)
|
Batting: RHB Javier Ramírez
|
0-0: Ball 1-0: Called Strike 1-1: Called Strike 1-2: Foul Ball, location: 2F 1-2: Foul Ball, location: 2F 1-2: Strikes out swinging
|
Bottom of the 3rd over - 2 run(s), 3 hit(s), 0 error(s), 1 left on base; Plymouth 0 - San Francisco 4 |
TOP OF THE 4TH |
Plymouth Rocks batting - Pitching for San Francisco Bandits : RHP Fernando Llama
|
Batting: LHB Roy Patrick
|
0-0: Ball 1-0: Foul Ball, location: 2F 1-1: Ball 2-1: Foul Ball, location: 2F 2-2: Fly out, F7 (Flyball, 78M)
|
Batting: LHB Roger Moore
|
0-0: Ball 1-0: Ball 2-0: SOLO HOME RUN (Line Drive, 9D), Distance : 382 ft
|
Batting: RHB Andrés Lara
|
0-0: Ball 1-0: Foul Ball, location: 2F 1-1: Foul Ball, location: 2F 1-2: Ground out 1-3 (Groundball, 15S)
|
Batting: RHB Javier Deleón
|
0-0: Ball 1-0: Foul Ball, location: 2F 1-1: DOUBLE (Line Drive, 78XD)
|
Batting: RHB António Zúñiga
|
0-0: Foul Ball, location: 2F 0-1: Foul Ball, location: 2F 0-2: Ball 1-2: Fly out, F9 (Flyball, 9M)
|
Top of the 4th over - 1 run(s), 2 hit(s), 0 error(s), 1 left on base; Plymouth 1 - San Francisco 4 |
BOTTOM OF THE 4TH |
San Francisco Bandits batting - Pitching for Plymouth Rocks : RHP José Morán
|
Batting: RHB Bob Orr
|
0-0: Ball 1-0: DOUBLE (Flyball, 78XD)
|
Batting: RHB Emílio Bruno
|
0-0: Called Strike 0-1: Ball 1-1: Called Strike 1-2: Foul Ball, location: 2F 1-2: Ball 2-2: Ball 3-2: Foul Ball, location: 2F 3-2: Foul Ball, location: 2F 3-2: Base on Balls
|
Batting: RHB Sadao Kato
|
0-0: Swinging Strike 0-1: Foul Ball, location: 2F 0-2: Strikes out looking
|
Batting: RHB Pete Rideout
|
0-0: Swinging Strike 0-1: Swinging Strike 0-2: Ball 1-2: Ball 2-2: Fly out, F8 (Flyball, 78D)
|
Batting: LHB Jerry Bryan
|
0-0: Foul Ball, location: 2F 0-1: Ball 1-1: Foul Ball, location: 2F 1-2: Ball 2-2: Foul Ball, location: 2F 2-2: Reached on error, E5 (Groundball, 56) Bob Orr to third Emílio Bruno to second
|
Batting: RHB Michael Elliott
|
0-0: Ground out 4-3 (Groundball, 4)
|
Bottom of the 4th over - 0 run(s), 1 hit(s), 1 error(s), 3 left on base; Plymouth 1 - San Francisco 4 |
TOP OF THE 5TH |
Plymouth Rocks batting - Pitching for San Francisco Bandits : RHP Fernando Llama
|
Batting: RHB Júlio Negrón
|
0-0: Fly out, F7 (Popup, 78S)
|
Batting: LHB Sean Nicks
|
0-0: Ball 1-0: SINGLE (Groundball, 34S)
|
Batting: RHB Luis Sánchez
|
0-0: Fly out, F5 (Popup, 5F)
|
Batting: SHB Greg Welch
|
0-0: Ball 1-0: Fly out, F8 (Flyball, 8LXD)
|
Top of the 5th over - 0 run(s), 1 hit(s), 0 error(s), 1 left on base; Plymouth 1 - San Francisco 4 |
BOTTOM OF THE 5TH |
San Francisco Bandits batting - Pitching for Plymouth Rocks : RHP José Morán
|
Batting: LHB Francisco Calderón
|
0-0: Swinging Strike 0-1: Called Strike 0-2: Ball 1-2: Ball 2-2: Foul Ball, location: 2F 2-2: Strikes out swinging
|
Batting: RHB Dale Taylor
|
0-0: Foul Ball, location: 2F 0-1: Reached on error, E5 (Groundball, 5S)
|
Batting: RHB Javier Ramírez
|
Pickoff Throw to First - Out! 0-0: Called Strike 0-1: Swinging Strike 0-2: Ball 1-2: Ball 2-2: Ball 3-2: Foul Ball, location: 2F 3-2: Base on Balls
|
Batting: RHB Bob Orr
|
0-0: Called Strike 0-1: Ball 1-1: Foul Ball, location: 2F 1-2: Ball 2-2: Strikes out swinging
|
Bottom of the 5th over - 0 run(s), 0 hit(s), 1 error(s), 1 left on base; Plymouth 1 - San Francisco 4 |
TOP OF THE 6TH |
Plymouth Rocks batting - Pitching for San Francisco Bandits : RHP Fernando Llama
|
Batting: LHB Roy Patrick
|
0-0: Ball 1-0: Ball 2-0: Called Strike 2-1: Ball 3-1: Swinging Strike 3-2: Strikes out swinging
|
Batting: LHB Roger Moore
|
0-0: Ball 1-0: SOLO HOME RUN (Flyball, 9LD), Distance : 338 ft
|
Batting: RHB Andrés Lara
|
0-0: SINGLE (Line Drive, 56)
|
Batting: RHB Javier Deleón
|
0-0: Called Strike 0-1: Foul Ball, location: 2F 0-2: Ball 1-2: Foul Ball, location: 2F 1-2: Foul Ball, location: 2F 1-2: Foul Ball, location: 2F 1-2: Foul Ball, location: 2F 1-2: Grounds into double play, 6-4-3 (Groundball, 6)
|
Top of the 6th over - 1 run(s), 2 hit(s), 0 error(s), 0 left on base; Plymouth 2 - San Francisco 4 |
BOTTOM OF THE 6TH |
San Francisco Bandits batting - Pitching for Plymouth Rocks : RHP José Morán
|
Pitching: RHP Jean Burrows
|
|
Batting: RHB Emílio Bruno
|
0-0: Ball 1-0: Called Strike 1-1: Foul Ball, location: 2F 1-2: Ball 2-2: Ground out 5-3 (Groundball, 56)
|
Batting: RHB Sadao Kato
|
0-0: Ball 1-0: Called Strike 1-1: Swinging Strike 1-2: Foul Ball, location: 2F 1-2: Ball 2-2: Foul Ball, location: 2F 2-2: Fly out, F9 (Line Drive, 9S)
|
Batting: RHB Pete Rideout
|
0-0: Foul Ball, location: 2F 0-1: Swinging Strike 0-2: Ball 1-2: Strikes out swinging
|
Bottom of the 6th over - 0 run(s), 0 hit(s), 0 error(s), 0 left on base; Plymouth 2 - San Francisco 4 |
TOP OF THE 7TH |
Plymouth Rocks batting - Pitching for San Francisco Bandits : RHP Fernando Llama
|
Batting: RHB António Zúñiga
|
0-0: Called Strike 0-1: SINGLE (Groundball, 6M)
|
Batting: RHB Júlio Negrón
|
0-0: Bunted foul 0-1: Sac Bunt - play at first, batter OUT! 2-4 António Zúñiga to second
|
Batting: LHB Sean Nicks
|
0-0: Ball 1-0: Foul Ball, location: 2F 1-1: SINGLE (Groundball, 3D) António Zúñiga to third Runner from 3rd tries for Home, SAFE, throw made home
|
Batting: RHB Luis Sánchez
|
0-0: Fly out, F8 (Popup, 4MD)
|
Batting: SHB Greg Welch
|
0-0: Foul Ball, location: 2F 0-1: Called Strike 0-2: Strikes out looking
|
Top of the 7th over - 1 run(s), 2 hit(s), 0 error(s), 1 left on base; Plymouth 3 - San Francisco 4 |
BOTTOM OF THE 7TH |
San Francisco Bandits batting - Pitching for Plymouth Rocks : RHP Jean Burrows
|
Pitching: LHP Carl Lewis
|
|
Batting: LHB Jerry Bryan
|
0-0: Ball 1-0: Swinging Strike 1-1: Called Strike 1-2: Foul Ball, location: 2F 1-2: Foul Ball, location: 2F 1-2: Ball 2-2: Strikes out swinging
|
Pitching: RHP Lorenzo Aguilar
|
|
Batting: RHB Michael Elliott
|
0-0: Ball 1-0: Called Strike 1-1: Ball 2-1: Ground out 6-3 (Groundball, 6)
|
Pitching: LHP Salvador Rodríguez
|
|
Batting: LHB Francisco Calderón
|
0-0: Ball 1-0: Ball 2-0: Ground out 4-3 (Groundball, 4)
|
Bottom of the 7th over - 0 run(s), 0 hit(s), 0 error(s), 0 left on base; Plymouth 3 - San Francisco 4 |
TOP OF THE 8TH |
Plymouth Rocks batting - Pitching for San Francisco Bandits : RHP Fernando Llama
|
Pitching: RHP Mal Park
|
|
Batting: LHB Roy Patrick
|
0-0: Called Strike 0-1: Ground out 4-3 (Groundball, 4)
|
Pitching: RHP Paul Lewis
|
|
Batting: LHB Roger Moore
|
0-0: Ball 1-0: Ball 2-0: Swinging Strike 2-1: Ball 3-1: Base on Balls
|
Batting: RHB Andrés Lara
|
0-0: Fly out, F8 (Flyball, 8RXD)
|
Batting: RHB Javier Deleón
|
0-0: Ball 1-0: Foul Ball, location: 2F 1-1: Called Strike 1-2: Ball 2-2: Ball 3-2: Base on Balls Roger Moore to second
|
Batting: RHB António Zúñiga
|
0-0: Called Strike 0-1: Ball 1-1: Ball 2-1: Swinging Strike 2-2: Ball 3-2: Ground out 4-3 (Groundball, 4)
|
Top of the 8th over - 0 run(s), 0 hit(s), 0 error(s), 2 left on base; Plymouth 3 - San Francisco 4 |
BOTTOM OF THE 8TH |
San Francisco Bandits batting - Pitching for Plymouth Rocks : LHP Salvador Rodríguez
|
Pitching: RHP Lorenzo Ramos
|
|
Batting: RHB Dale Taylor
|
0-0: Ball 1-0: Ball 2-0: Foul Ball, location: 2F 2-1: Foul Ball, location: 2F 2-2: Strikes out swinging
|
Batting: RHB Javier Ramírez
|
0-0: Called Strike 0-1: Ball 1-1: Ground out 5-3 (Groundball, 56S)
|
Batting: RHB Bob Orr
|
0-0: Ball 1-0: Foul Ball, location: 2F 1-1: Ball 2-1: Ball 3-1: Base on Balls
|
Batting: RHB Emílio Bruno
|
0-0: Swinging Strike 0-1: Foul Ball, location: 2F 0-2: Ball 1-2: Strikes out swinging
|
Bottom of the 8th over - 0 run(s), 0 hit(s), 0 error(s), 1 left on base; Plymouth 3 - San Francisco 4 |
TOP OF THE 9TH |
Plymouth Rocks batting - Pitching for San Francisco Bandits : RHP Paul Lewis
|
Pitching: RHP José Rivera
|
|
Batting: RHB Júlio Negrón
|
0-0: Called Strike 0-1: Called Strike 0-2: Ball 1-2: Strikes out looking
|
Batting: LHB Sean Nicks
|
0-0: Fly out, F4 (Popup, 8RS)
|
Batting: RHB Luis Sánchez
|
0-0: Called Strike 0-1: Foul Ball, location: 2F 0-2: Ball 1-2: Fly out, F8 (Flyball, 8RD)
|
Top of the 9th over - 0 run(s), 0 hit(s), 0 error(s), 0 left on base; Plymouth 3 - San Francisco 4 |
|